Map: Pylon LE

Players

ManlyManMeat

  • Race: Protoss Protoss
  • League: Master
  • Spawn Location: 11:00

ramonrayo - Winner!

  • Race: Protoss Protoss
  • League: Master
  • Spawn Location: 5:00

VOD

Have the link to the VOD?

Description

Time

  • Played on: June 14, 2025, 6:03 a.m.
  • Length: 8:59
Show
View Real Time Build Order
Export as new Build Order

ManlyManMeat Protoss 

Build Orders:  

Get SALT Encoding   

  12  0:00  Probe  
  13  0:12  Probe  
  14  0:20  Pylon  
  14  0:23  Probe  
  15  0:34  Probe  
  15  0:41  Gateway  
  16  0:46  Assimilator  
  16  0:55  Probe  
  17  1:07  Probe  
  18  1:19  Probe  
  19  1:31  Gateway  
  19  1:32  Cybernetics Core  
  19  1:37  Probe  
  20  1:58  Nexus, Stalker  
  20  2:01  Warp Gate  
  22  2:18  Probe  
  22  2:20  Pylon  
  23  2:35  Stalker  
  23  2:38  Probe  
  23  2:42  Stalker  
  28  3:02  Assimilator  
  28  3:08  Twilight Council  
  28  3:10  Probe x2  
  30  3:13  Stalker  
  30  3:22  Probe  
  30  3:23  Probe  
  34  3:35  Probe x2  
  36  3:47  Probe x2  
  38  3:50  Pylon  
  38  4:01  Probe x2, Assimilator  
  38  4:02  Assimilator  
  40  4:05  Stalker  
  42  4:17  Gateway  
  42  4:18  Gateway  
  42  4:25  Stalker  
  42  4:28  Probe x2  
  46  4:40  Probe  
  47  4:49  Stalker  
  31  5:13  Probe  
  26  5:16  Probe  
  26  5:21  Probe  
  21  5:24  Probe  
  18  5:33  Pylon  
  14  6:05  Probe  
  14  6:07  Nexus  
  14  7:37  Probe  
  14  7:39  Pylon  
  14  7:59  Probe  
  15  8:11  Probe  
  16  8:20  Probe  
Show
View Real Time Build Order
Export as new Build Order

ramonrayo Protoss - Winner!

Build Orders:  

Get SALT Encoding   

  12  0:00  Probe  
  13  0:12  Probe  
  14  0:20  Pylon  
  14  0:24  Probe  
  15  0:36  Probe  
  15  0:39  Gateway  
  16  0:45  Probe  
  16  0:49  Assimilator  
  17  0:53  Probe  
  18  1:04  Assimilator  
  18  1:09  Probe  
  19  1:18  Probe  
  20  1:26  Probe  
  20  1:30  Cybernetics Core  
  21  1:36  Gateway  
  21  1:42  Pylon  
  21  1:44  Probe  
  22  1:47  Assimilator  
  22  1:56  Pylon, Probe  
  23  2:11  Robotics Facility  
  23  2:18  Robotics Facility  
  23  2:21  Warp Gate, Probe  
  24  2:34  Zealot x2  
  28  2:44  Pylon  
  28  2:52  Gateway  
  28  2:56  Immortal  
  28  2:58  Shield Battery  
  32  3:25  Pylon  
  32  3:38  Immortal  
  36  4:08  Immortal  
  36  4:10  Stalker x3  
  42  4:18  Pylon  
  46  4:41  Stalker  
  25  5:43  Pylon  
  25  5:55  Immortal  
  25  5:56  Nexus  
  29  7:43  Probe  
  30  8:20  Probe  
Tags
 
Matchup
PvP
Spawn Locations
Cross Positions
Add a new tag
Caveats
  • Supply blocks, unpowered buildings, or Contaminate may cause inaccurate times.
  • Supply counts are checked every 10 seconds.